 Dungeon Crawl Stone Soup version 0.31-a0-920-g28cbb04a8c (webtiles) character file.

Game seed: 1585818835188018670

1065 kae the Vexing (level 8, -4/52 HPs)
             Began as a Demonspawn Enchanter on Oct 17, 2023.
             Slain by a gnoll
             ... wielding a +0 halberd
              (7 damage)
             ... on level 5 of the Dungeon.
             The game lasted 00:04:35 (4571 turns).

kae the Vexing (Demonspawn Enchanter)               Turns: 4571, Time: 00:04:36

Health: -4/52      AC:  5    Str:  9    XL:     8   Next: 6%
Magic:  9/13       EV:  6    Int: 21    God:
Gold:   212        SH:  0    Dex: 13    Spells: 5/14 levels left

rFire   + . .        c - +2 short sword (venom)
rCold   . . .        (no shield)
rNeg    . . .        b - +0 robe
rPois   .            (no helmet)
rElec   .            k - +2 cloak {Stlth+}
rCorr   .            (no gloves)
SInv    .            (boots unavailable)
Will    .....        (no amulet)
Stlth   ++++         F - ring of protection from fire
HPRegen 0.28/turn    L - ring of flight
MPRegen 0.26/turn

%: no passive effects
@: flying, held
A: hooves 3, magic regeneration, big brain 1
a: no special abilities


You were on level 5 of the Dungeon.
You visited 1 branch of the dungeon, and saw 5 of its levels.

You collected 212 gold pieces.


Innate Abilities, Weirdness & Mutations

You have hooves in place of feet.
You regenerate magic rapidly.
You have an unusually large brain. (Int +2)


   Skills:
 * Level 5.0 Short Blades
 - Level 1.7 Dodging
 + Level 4.5 Stealth
 + Level 3.9 Spellcasting
 * Level 6.2 Hexes


You had 5 spell levels left.
You knew the following spells:

 Your Spells              Type           Power      Damage    Failure   Level
a - Ensorcelled Hibernat  Hex/Ice        34%        N/A       4%          2
b - Confusing Touch       Hex            30%        N/A       2%          3
c - Slow                  Hex            100%       N/A       1%          1
d - Sigil of Binding      Hex            30%        N/A       2%          3

Your spell library contained the following spells:

 Spells                   Type           Power      Damage    Failure   Level
 Tukima's Dance           Hex            30%        N/A       2%          3
 Dazzling Flash           Conj/Hex       34%        N/A       10%         3
 Vampiric Draining        Necr           4%         2d6       36%         3

Inventory:

Hand Weapons
 a - a +1 dagger
 c - a +2 short sword of venom (weapon)
   (You took it off a kobold on level 1 of the Dungeon)
Missiles
 d - 36 stones (quivered)
 j - 2 silver javelins
 l - 6 poisoned darts
 m - 4 boomerangs
Armour
 b - a +0 robe (worn)
 k - a +2 cloak of stealth (worn)
   (You took it off Crazy Yiuf on level 2 of the Dungeon)
Jewellery
 F - a ring of protection from fire (left hand)
   (You found it on level 1 of the Dungeon)
 L - a ring of flight (right hand)
   (You found it on level 4 of the Dungeon)
Wands
 i - a wand of roots (7)
   (You took it off Ijyb on level 5 of the Dungeon)
 r - a wand of mindburst (2)
   (You found it on level 3 of the Dungeon)
Scrolls
 e - 2 scrolls of teleportation {@r4}
 f - a scroll of poison {!r}
 n - a scroll of enchant armour
Potions
 g - 3 potions of curing {@q1}
 h - 2 potions of brilliance
 p - a potion of magic
 t - 2 potions of berserk rage {unknown}

Dungeon Overview and Level Annotations

Branches:
Dungeon (5/15) Zot: 25477  Temple (0/1) D:5

Altars:
Gozag

Shops:
D:4

( ............# #.#
###........... ..#.#.#.#.#.#
#.# #.###.#.###. ............#
#.# #.###.#.# ..#.......#.#
#.# #.......#
............####.#
#####...###.
#.#...>...#g..##.# #.......
#.......g...#s.g.# #.#.###.
#.#.......#.####s# #.#.# #.
#..)........# #@#########.#.#
#.
#.#.#.#.#.#.####........l..#.#
#.
......?.......##############.#
#. ..........##.# #.# #.
#######.. #.# #########.# #.
#. #.# #.........###.
##.######.#######.)...
#..........# #.###. #
#..######..######.###.


You could see a scorpion and a gnoll.


Message History

😮 MP[-1]
You lost 1 mp, and now have 11/13 mp.
You start resting. 😮 HP[+2] MP[+2]
You regained 2 hp, and now have 32/52 hp.
Your mp is fully restored (13).
Things that are here:
a +0 whip; a gnoll corpse
i - a wand of roots (7)
Items here: )) [ †.
d - 36 stones (gained 5)
You see here a scroll of noise {!r}. 2 gnolls come into view. 😎 HP[+20]
Your hp is fully restored (52).
There are monsters nearby!
There are monsters nearby!
There are monsters nearby! 2 gnolls come into view.
A gnoll is wielding a +0 halberd.
Found a dagger and a chain mail.
Found a staircase to the Ecumenical Temple.
The helpless gnoll fails to defend itself.
You impale the gnoll!!
You kill the gnoll!
The gnoll shouts! x3
A scorpion comes into view.
Your Short Blades skill increases to level 5!
The gnoll hits you with a +0 spear. 😕 HP[-6]
You take 6 damage, and now have 46/52 hp.
The gnoll barely misses you.
The gnoll hits you with a +0 halberd. 😕 HP[-4]
You take 4 damage, and now have 42/52 hp.
The gnoll hits you from afar with a +0 halberd. 😕 HP[-2]
You take 2 damage, and now have 40/52 hp. 😕 HP[+1]
You see here a scroll of noise {!r}. 😕 HP[+1]
The gnoll attacks as it pursues you! The gnoll completely misses you.
An iguana comes into view.
The gnoll hits you with a +0 halberd. 😕 HP[-2]
You take 2 damage, and now have 40/52 hp.
Casting: Ensorcelled Hibernation (safe; 4% risk of failure)
Confirm with . or Enter, or press ? or * to list all spells.
Aiming: Ensorcelled Hibernation (safe; 4% risk of failure)
Press: ? - help, Shift-Dir - straight line, f - gnoll
Aim: a gnoll, wielding a +0 halberd (chance to affect: 59%)
The gnoll resists with significant effort.
The gnoll hits you with a +0 halberd. 😮 HP[-4] MP[-2]
You take 4 damage, and now have 36/52 hp.
You lost 2 mp, and now have 11/13 mp.
Casting: Ensorcelled Hibernation (safe; 4% risk of failure)
Confirm with . or Enter, or press ? or * to list all spells.
Aiming: Ensorcelled Hibernation (safe; 4% risk of failure)
Press: ? - help, Shift-Dir - straight line, f/p - gnoll
Aim: a gnoll, wielding a +0 halberd (chance to affect: 59%)
The gnoll looks drowsy...
The gnoll hits you from afar with a +0 halberd! 😮 HP[-7] MP[-2]
You take 7 damage, and now have 29/52 hp.
You lost 2 mp, and now have 9/13 mp.
The helpless gnoll fails to defend itself.
You impale the gnoll!!
You kill the gnoll!
The gnoll throws a throwing net.
The throwing net hits you.
You become entangled in the net! 😮 HP[+1]
You struggle against the net.
The gnoll barely misses you. The scorpion stings you.
* * * LOW HITPOINT WARNING * * *
😨 HP[-6] MP[+1]
You take 6 damage, and now have 24/52 hp.
Casting: Ensorcelled Hibernation (safe; 4% risk of failure)
Confirm with . or Enter, or press ? or * to list all spells.
Aiming: Ensorcelled Hibernation (safe; 4% risk of failure)
Press: ? - help, Shift-Dir - straight line, f - scorpion
Aim: a scorpion (chance to affect: 50%)
The scorpion looks drowsy...
The gnoll hits you from afar with a +0 halberd!
* * * LOW HITPOINT WARNING * * *
😨 HP[-9] MP[-2]
You take 9 damage, and now have 15/52 hp.
You lost 2 mp, and now have 8/13 mp.
Unknown command.
You struggle against the net.
The gnoll hits you but does no damage.
Unknown command.
You struggle against the net.
The scorpion stings you.
* * * LOW HITPOINT WARNING * * *
The gnoll hits you from afar with a +0 halberd!
* * * LOW HITPOINT WARNING * * *
😱 HP[-10]
You take 10 damage, and now have 5/52 hp.
Unknown command.
You feel better. The scorpion stings you!
* * * LOW HITPOINT WARNING * * *
The gnoll hits you from afar with a +0 halberd!
You die...

Skill      XL: |  1  2  3  4  5  6  7  8 |
---------------+-------------------------+-----
Short Blades   | 1 2 3 4 5 |  5.0
Stealth        | 3 4 |  4.5
Hexes          | 4 5 6 |  6.2
Spellcasting   | 3 |  3.9
Dodging        | |  1.7

Action                     |  1- 3 |  4- 6 |  7- 9 || total
---------------------------+-------+-------+-------++-------
  Melee: Dagger            |    34 |       |       ||    34
         Punch             |     1 |     1 |       ||     2
         Short sword       |    27 |   124 |   107 ||   258
         Kick              |       |    33 |    29 ||    62
   Cast: Slow              |     4 |    10 |       ||    14
         Ensorcelled Hiber |       |    12 |    18 ||    30
         Confusing Touch   |       |     1 |     2 ||     3
    Use: Potion            |     2 |       |     1 ||     3
         Scroll            |       |     8 |     5 ||    13
   Stab: Sleeping          |     8 |    18 |    12 ||    38
         Invisible         |     5 |       |       ||     5
 Armour: Robe              |    27 |    67 |    59 ||   153
  Dodge: Dodged            |    27 |    68 |    43 ||   138

Levels and vault maps discovered:
D:1:      saegor_arrival_miasma, layout_basic
D:2:      layout_loops_ring, basic_altar, uniq_robin, uniq_crazy_yiuf_cottage,
          uniq_sigmund
D:3:      layout_loops_corners, nrook_campfire
D:4:      minmay_opposing_rooms, layout_loops_ring,
          nicolae_overflow_crystal_walls, serial_shops, shop
D:5:      layout_loops_ring, minmay_temple_entry_glass, serial_shops, shop,
          uniq_ijyb

Notes
Turn   | Place    | Note
-------+----------+-------------------------------------------
     0 | D:1      | kae the Demonspawn Enchanter began the quest for the Orb.
     0 | D:1      | Reached XP level 1. HP: 13/13 MP: 3/3
     0 | D:1      | magus.rc [v1.11.3]
    11 | D:1      | Reached skill level 1 in Short Blades
   189 | D:1      | You pick up a book of Debilitation and begin reading...
   189 | D:1      | You add the spells Slow, Sigil of Binding and Vampiric
                  | Draining to your library.
   268 | D:1      | HP: 3/13 [quokka (3)]
   274 | D:1      | Gained mutation: You have an unusually large brain. (Int
                  | +2) [demonic ancestry]
   274 | D:1      | Reached XP level 2. HP: 4/19 MP: 5/5
   479 | D:1      | Learned a level 1 spell: Slow
   482 | D:1      | Learned a level 2 spell: Ensorcelled Hibernation
   739 | D:2      | Noticed Sigmund
   760 | D:2      | Killed Sigmund
   761 | D:2      | Reached skill level 2 in Short Blades
   761 | D:2      | Reached skill level 3 in Stealth
   761 | D:2      | Reached skill level 4 in Hexes
   761 | D:2      | Reached XP level 3. HP: 24/24 MP: 4/7
   761 | D:2      | Gained mutation: You have large cloven feet. [demonic
                  | ancestry]
   761 | D:2      | Reached XP level 4. HP: 30/30 MP: 4/8
   761 | D:2      | Reached XP level 5. HP: 35/35 MP: 4/9
  1037 | D:2      | Reached skill level 3 in Short Blades
  1462 | D:2      | Noticed Robin
  1509 | D:2      | Killed Robin
  1520 | D:2      | HP: 7/35 [hobgoblin[Robin] (6)]
  1762 | D:2      | Learned a level 3 spell: Confusing Touch
  1766 | D:2      | Learned a level 3 spell: Sigil of Binding
  1766 | D:2      | Found an opulent altar of Gozag.
  1884 | D:2      | Found a runed translucent door.
  1885 | D:2      | Noticed Crazy Yiuf
  1892 | D:2      | Killed Crazy Yiuf
  1893 | D:2      | Reached skill level 3 in Spellcasting
  1893 | D:2      | Gained mutation: You have hoof-like feet. [demonic
                  | ancestry]
  1893 | D:2      | Reached XP level 6. HP: 26/41 MP: 7/10
  2634 | D:3      | Reached skill level 5 in Hexes
  3167 | D:4      | Identified the +3 trident "Starlight" {heavy, Dex+8}
  3278 | D:4      | Identified a +0 crystal plate armour
  3436 | D:4      | Gained mutation: You regenerate magic rapidly. [demonic
                  | ancestry]
  3436 | D:4      | Reached XP level 7. HP: 44/46 MP: 8/12
  3495 | D:4      | Reached skill level 4 in Short Blades
  3495 | D:4      | Reached skill level 4 in Stealth
  4016 | D:4      | Found Cimejovett's Antique Weapon Emporium.
  4198 | D:5      | Entered Level 5 of the Dungeon
  4315 | D:5      | Reached skill level 6 in Hexes
  4339 | D:5      | Noticed Ijyb
  4349 | D:5      | Killed Ijyb
  4358 | D:5      | Identified the ring "Xyeloczu" {rF+ MP+9 EV+5}
  4359 | D:5      | Gained mutation: You have hooves in place of feet. [demonic
                  | ancestry]
  4359 | D:5      | Reached XP level 8. HP: 39/52 MP: 2/13
  4547 | D:5      | Found a staircase to the Ecumenical Temple.
  4552 | D:5      | Reached skill level 5 in Short Blades
  4570 | D:5      | HP: 13/52 [scorpion (3)]
  4570 | D:5      | HP: 5/52 [gnoll/+0 halberd (8)]
  4571 | D:5      | Slain by a gnoll

Vanquished Creatures
  Sigmund (D:2)
  An ice beast (D:5)
  A black bear (D:3)
  An ogre (D:5)
  A phantom (D:3)
  A scorpion (D:4)
  2 jellies
  2 hounds (D:4)
  Crazy Yiuf (D:2)
  An orc priest (D:4)
  A sleepcap (D:4)
  3 orc wizards
  Ijyb (D:5)
  Robin (D:2)
  4 gnolls (D:5)
  6 adders
  A dart slug (D:4)
  12 orcs
  7 endoplasms
  A giant cockroach (D:4)
  14 goblins
  6 hobgoblins
  2 jackals (D:1)
  3 quokkas
  13 ball pythons
  5 bats
  4 frilled lizards
  9 kobolds
  6 rats
111 creatures vanquished.

Table legend:
 A = Non-vault XP
 B = Vault XP
 C = Vault XP percentage of total XP
 D = Non-vault monster count
 E = Vault monster count
 F = Vault count percentage of total count
                 A         B        C        D         E       F
            +---------+---------+-------+---------+---------+-------
      Total |    1174 |     348 |  22.9 |      88 |      22 |  20.0
            +---------+---------+-------+---------+---------+-------
        D:1 |      29 |       0 |   0.0 |      21 |       0 |   0.0
        D:2 |      75 |     298 |  79.9 |      25 |      11 |  30.6
        D:3 |     284 |       0 |   0.0 |       8 |       0 |   0.0
        D:4 |     421 |      17 |   3.9 |      26 |      10 |  27.8
        D:5 |     365 |      33 |   8.3 |       8 |       1 |  11.1
            +---------+---------+-------+---------+---------+-------

Skill      XL: |  1  2  3  4  5  6  7  8 |
---------------+-------------------------+-----
Short Blades   | 1 2 3 4 5 |  5.0
Stealth        | 3 4 |  4.5
Hexes          | 4 5 6 |  6.2
Spellcasting   | 3 |  3.9
Dodging        | |  1.7

Action                     |  1- 3 |  4- 6 |  7- 9 || total
---------------------------+-------+-------+-------++-------
  Melee: Dagger            |    34 |       |       ||    34
         Punch             |     1 |     1 |       ||     2
         Short sword       |    27 |   124 |   107 ||   258
         Kick              |       |    33 |    29 ||    62
   Cast: Slow              |     4 |    10 |       ||    14
         Ensorcelled Hiber |       |    12 |    18 ||    30
         Confusing Touch   |       |     1 |     2 ||     3
    Use: Potion            |     2 |       |     1 ||     3
         Scroll            |       |     8 |     5 ||    13
   Stab: Sleeping          |     8 |    18 |    12 ||    38
         Invisible         |     5 |       |       ||     5
 Armour: Robe              |    27 |    67 |    59 ||   153
  Dodge: Dodged            |    27 |    68 |    43 ||   138

Illustrated notes

Table legend:
 A = Kills in this place as a percentage of kills in the entire game.
 B = Kills by you in this place as a percentage of kills by you in the entire game.
 C = Kills by friends in this place as a percentage of kills by friends in the entire game.
 D = Other kills in this place as a percentage of other kills in the entire game.
 E = Experience gained in this place as a percentage of experience gained in the entire game.
 F = Experience gained in this place divided by the number of levels of this place that you have seen.
                   A       B       C       D       E      F
               +-------+-------+-------+-------+-------+----------------------
         Total | 100.0 | 100.0 |   N/A |   N/A | 100.0 | 304.4
       Dungeon | 100.0 | 100.0 |   N/A |   N/A | 100.0 | 304.4
               +-------+-------+-------+-------+-------+----------------------

Table legend: (Time is in decaauts)
 A = Elapsed time spent in this place.
 B = Non-inter-level travel time spent in this place.
 C = Inter-level travel time spent in this place.
 D = Time resting spent in this place.
 E = Time spent auto-exploring this place.
 F = Levels seen in this place.
 G = Mean time per level.
                   A        B        C        D        E       F      G
               +--------+--------+--------+--------+--------+-----+--------+
         Total |   4521 |   4357 |    164 |    228 |   3360 |   5 |  904.2 |
       Dungeon |   4521 |   4357 |    164 |    228 |   3360 |   5 |  904.2 |
               +--------+--------+--------+--------+--------+-----+--------+

Top non-repeatable levels by time:
     D:2: 1283 daAuts
     D:3: 1116 daAuts
     D:4: 1053 daAuts
     D:1: 702 daAuts
     D:5: 365 daAuts
